NCAA
GEORGIA BULLDOGS @ PROVIDENCE FRIARS
06/06/2027
 
TOP OF THE 1ST
Georgia Bulldogs batting - Pitching for Providence Friars : LHP Joe Jewell
Pitching: LHP Joe Jewell
Batting: RHB Jeff Allen 0-0: Called Strike
0-1: Foul Ball, location: 2F
0-2: Strikes out looking
Batting: SHB Nate Harrington 0-0: Ball
1-0: Ball
2-0: Foul Ball, location: 2F
2-1: SOLO HOME RUN (Flyball, 7D), Distance : 368 ft
Batting: LHB Merrill Erickson 0-0: Called Strike
0-1: Ball
1-1: Foul Ball, location: 2F
1-2: Ball
2-2: Foul Ball, location: 2F
2-2: Ball
3-2: Foul Ball, location: 2F
3-2: Strikes out swinging
Batting: RHB Tom Stoltz 0-0: Ground out 5-3 (Groundball, 56S)
Top of the 1st over - 1 run(s), 1 hit(s), 0 error(s), 0 left on base; Georgia 1 - Providence 0
BOTTOM OF THE 1ST
Providence Friars batting - Pitching for Georgia Bulldogs : RHP Jason Rose
Pitching: RHP Jason Rose
Batting: LHB Brian Easdale 0-0: Ball
1-0: Ball
2-0: Ball
3-0: Base on Balls
Batting: SHB Esteban Aliaga 0-0: Ball
1-0: SINGLE (Flyball, 89S)
Brian Easdale to second
Runner from 2nd tries for 3rd, SAFE, throw made to third
Batting: LHB Javier Morales 0-0: Ball
1-0: SINGLE (Groundball, 34D)
Brian Easdale scores
Esteban Aliaga to second
Runner from 2nd tries for 3rd, SAFE, throw made to third
Batting: RHB Miguel Sánchez 0-0: Fly out, F8 (Flyball, 8RD)
Runner from 3rd tags up, SCORES, no throw
Batting: RHB Héctor Cruz 0-0: Called Strike
0-1: Swinging Strike
0-2: Ball
1-2: Ball
2-2: Foul Ball, location: 2F
2-2: Strikes out swinging
Batting: RHB Roger Tucker 0-0: Ball
1-0: Called Strike
1-1: SINGLE (Groundball, 56D)
Javier Morales to second
Batting: RHB Gustavo Todd 0-0: Called Strike
0-1: Swinging Strike
0-2: SINGLE (Line Drive, 6MD)
Javier Morales to third
Roger Tucker to second
Runner from 3rd tries for Home, SAFE, no throw
Batting: RHB Gonzalo García 0-0: Swinging Strike
0-1: Foul Ball, location: 2F
0-2: Ball
1-2: Ball
2-2: Foul Ball, location: 2F
2-2: Strikes out swinging
Bottom of the 1st over - 3 run(s), 4 hit(s), 0 error(s), 2 left on base; Georgia 1 - Providence 3
TOP OF THE 2ND
Georgia Bulldogs batting - Pitching for Providence Friars : LHP Joe Jewell
Batting: SHB Jean-François St-Amant 0-0: Ball
1-0: Ball
2-0: Ball
3-0: Called Strike
3-1: Called Strike
3-2: Foul Ball, location: 2F
3-2: Fly out, F8 (Flyball, 8RM)
Batting: RHB Gerald Miller 0-0: Ball
1-0: Called Strike
1-1: Called Strike
1-2: Strikes out swinging
Batting: LHB Artie Connor 0-0: Called Strike
0-1: Ball
1-1: Ball
2-1: Called Strike
2-2: Strikes out swinging
Top of the 2nd over - 0 run(s), 0 hit(s), 0 error(s), 0 left on base; Georgia 1 - Providence 3
BOTTOM OF THE 2ND
Providence Friars batting - Pitching for Georgia Bulldogs : RHP Jason Rose
Batting: RHB Marcus Pittman 0-0: Called Strike
0-1: Called Strike
0-2: Ball
1-2: Foul Ball, location: 2F
1-2: SINGLE (Flyball, 9S)
Batting: LHB Brian Easdale 0-0: Ball
1-0: Ball
2-0: Ball
3-0: Base on Balls
Marcus Pittman to second
Batting: SHB Esteban Aliaga 0-0: Called Strike
0-1: Ball
1-1: Foul Ball, location: 2F
1-2: Foul Ball, location: 2F
1-2: Foul Ball, location: 2F
1-2: SINGLE (Flyball, 8RS)
Marcus Pittman to third
Brian Easdale to second
Batting: LHB Javier Morales 0-0: Foul Ball, location: 2F
0-1: Ball
1-1: Ball
2-1: Fly out, F7 (Flyball, 7S)
Batting: RHB Miguel Sánchez 0-0: Swinging Strike
0-1: Called Strike
0-2: Foul Ball, location: 2F
0-2: Ball
1-2: Ball
2-2: Grounds into double play, 5-4-3 (Groundball, 56)
Bottom of the 2nd over - 0 run(s), 2 hit(s), 0 error(s), 2 left on base; Georgia 1 - Providence 3
TOP OF THE 3RD
Georgia Bulldogs batting - Pitching for Providence Friars : LHP Joe Jewell
Batting: RHB John Field 0-0: Fly out, F7 (Flyball, 78S)
Batting: RHB Chris Whittier 0-0: Foul Ball, location: 2F
0-1: Ball
1-1: Ball
2-1: Ball
3-1: Foul Ball, location: 2F
3-2: Ground out 6-3 (Groundball, 6)
Batting: RHB Jeff Allen 0-0: Ball
1-0: Called Strike
1-1: Ball
2-1: SOLO HOME RUN (Flyball, 78XD), Distance : 388 ft
Batting: SHB Nate Harrington 0-0: SINGLE (Groundball, 56S) (infield hit)
Batting: LHB Merrill Erickson 0-0: Ball
1-0: Ball
2-0: Ball
3-0: Base on Balls
Nate Harrington to second
Batting: RHB Tom Stoltz 0-0: Called Strike
0-1: Called Strike
0-2: Foul Ball, location: 2F
0-2: Fielders Choice at 2nd, 5-4 (Groundball, 56)
Top of the 3rd over - 1 run(s), 2 hit(s), 0 error(s), 1 left on base; Georgia 2 - Providence 3
BOTTOM OF THE 3RD
Providence Friars batting - Pitching for Georgia Bulldogs : RHP Jason Rose
Batting: RHB Héctor Cruz 0-0: Fly out, F7 (Flyball, 7)
Batting: RHB Roger Tucker 0-0: SOLO HOME RUN (Flyball, 7D), Distance : 349 ft
Batting: RHB Gustavo Todd 0-0: Foul Ball, location: 2F
0-1: Swinging Strike
0-2: Ball
1-2: Foul Ball, location: 2F
1-2: Foul Ball, location: 2F
1-2: Foul Ball, location: 2F
1-2: Ground out 5-3 (Groundball, 56)
Batting: RHB Gonzalo García 0-0: Fly out, F8 (Flyball, 89S)
Bottom of the 3rd over - 1 run(s), 1 hit(s), 0 error(s), 0 left on base; Georgia 2 - Providence 4
TOP OF THE 4TH
Georgia Bulldogs batting - Pitching for Providence Friars : LHP Joe Jewell
Batting: SHB Jean-François St-Amant 0-0: Called Strike
0-1: Ball
1-1: Foul Ball, location: 2F
1-2: Fly out, F4 (Popup, 3D)
Batting: RHB Gerald Miller 0-0: Fly out, F9 (Flyball, 89M)
Batting: LHB Artie Connor 0-0: Ball
1-0: Swinging Strike
1-1: Fly out, F7 (Flyball, 78D)
Top of the 4th over - 0 run(s), 0 hit(s), 0 error(s), 0 left on base; Georgia 2 - Providence 4
BOTTOM OF THE 4TH
Providence Friars batting - Pitching for Georgia Bulldogs : RHP Jason Rose
Batting: RHB Marcus Pittman 0-0: Called Strike
0-1: Ground out 6-3 (Groundball, 6)
Batting: LHB Brian Easdale 0-0: Fly out, F9 (Flyball, 9)
Batting: SHB Esteban Aliaga 0-0: SINGLE (Flyball, 6MD)
Batting: LHB Javier Morales 0-0: Called Strike
0-1: Called Strike
0-2: SINGLE (Line Drive, 4)
Esteban Aliaga to second
Runner from 2nd tries for 3rd, SAFE, throw made to third
Batting: RHB Miguel Sánchez 0-0: Ball
1-0: Called Strike
1-1: Ball
2-1: Swinging Strike
2-2: Strikes out swinging
Bottom of the 4th over - 0 run(s), 2 hit(s), 0 error(s), 2 left on base; Georgia 2 - Providence 4
TOP OF THE 5TH
Georgia Bulldogs batting - Pitching for Providence Friars : LHP Joe Jewell
Batting: RHB John Field 0-0: Ball
1-0: Swinging Strike
1-1: Ball
2-1: Ball
3-1: Ground out 6-3 (Groundball, 6)
Batting: RHB Chris Whittier 0-0: Foul Ball, location: 2F
0-1: Swinging Strike
0-2: Ball
1-2: Strikes out swinging
Batting: RHB Jeff Allen 0-0: Ball
1-0: Ball
2-0: Called Strike
2-1: Foul Ball, location: 2F
2-2: Ball
3-2: Fly out, F7 (Flyball, 7)
Top of the 5th over - 0 run(s), 0 hit(s), 0 error(s), 0 left on base; Georgia 2 - Providence 4
BOTTOM OF THE 5TH
Providence Friars batting - Pitching for Georgia Bulldogs : RHP Jason Rose
Batting: RHB Héctor Cruz 0-0: Ball
1-0: Fly out, F8 (Flyball, 8RD)
Batting: RHB Roger Tucker 0-0: Called Strike
0-1: Ball
1-1: Swinging Strike
1-2: Ball
2-2: Foul Ball, location: 2F
2-2: Ball
3-2: SOLO HOME RUN (Flyball, 78XD), Distance : 382 ft
Pitching: RHP Darryl Ward
Batting: RHB Gustavo Todd 0-0: Ball
1-0: Foul Ball, location: 2F
1-1: Ball
2-1: Fly out, F9 (Flyball, 9)
Batting: RHB Gonzalo García 0-0: Ball
1-0: Fly out, F8 (Flyball, 8LM)
Bottom of the 5th over - 1 run(s), 1 hit(s), 0 error(s), 0 left on base; Georgia 2 - Providence 5
TOP OF THE 6TH
Georgia Bulldogs batting - Pitching for Providence Friars : LHP Joe Jewell
Batting: SHB Nate Harrington 0-0: Ball
1-0: Fly out, F7 (Flyball, 78M)
Batting: LHB Merrill Erickson 0-0: Swinging Strike
0-1: Foul Ball, location: 2F
0-2: Ball
1-2: Ball
2-2: Strikes out swinging
Batting: RHB Tom Stoltz 0-0: Called Strike
0-1: Swinging Strike
0-2: Strikes out swinging
Top of the 6th over - 0 run(s), 0 hit(s), 0 error(s), 0 left on base; Georgia 2 - Providence 5
BOTTOM OF THE 6TH
Providence Friars batting - Pitching for Georgia Bulldogs : RHP Darryl Ward
Batting: RHB Marcus Pittman 0-0: Ball
1-0: Ball
2-0: Called Strike
2-1: SINGLE (Line Drive, 9LS)
Batting: LHB Brian Easdale 0-0: Swinging Strike
0-1: Foul Ball, location: 2F
0-2: Ball
1-2: Foul Ball, location: 2F
1-2: Ball
2-2: Ball
3-2: Strikes out swinging
Batting: SHB Esteban Aliaga 0-0: Ball
1-0: Swinging Strike
1-1: Foul Ball, location: 2F
1-2: Strikes out swinging
Batting: LHB Javier Morales 0-0: Called Strike
0-1: Foul Ball, location: 2F
0-2: Ball
1-2: DOUBLE (Flyball, 9LM)
Marcus Pittman to third
Batting: RHB Miguel Sánchez 0-0: Fly out, F4 (Popup, 34D)
Bottom of the 6th over - 0 run(s), 2 hit(s), 0 error(s), 2 left on base; Georgia 2 - Providence 5
TOP OF THE 7TH
Georgia Bulldogs batting - Pitching for Providence Friars : LHP Joe Jewell
Pitching: RHP Robbie Hopps
Batting: SHB Jean-François St-Amant 0-0: Foul Ball, location: 2F
0-1: Swinging Strike
0-2: Foul Ball, location: 2F
0-2: Strikes out swinging
Batting: RHB Gerald Miller 0-0: Ball
1-0: Ball
2-0: TRIPLE (Line Drive, 7LS)
Batting: LHB Artie Connor 0-0: Foul Ball, location: 2F
0-1: Ball
1-1: Ball
2-1: Foul Ball, location: 2F
2-2: Strikes out swinging
Batting: RHB John Field 0-0: Ball
1-0: Ball
2-0: Foul Ball, location: 2F
2-1: Swinging Strike
2-2: Foul Ball, location: 2F
2-2: Strikes out looking
Top of the 7th over - 0 run(s), 1 hit(s), 0 error(s), 1 left on base; Georgia 2 - Providence 5
BOTTOM OF THE 7TH
Providence Friars batting - Pitching for Georgia Bulldogs : RHP Darryl Ward
Batting: RHB Héctor Cruz 0-0: Foul Ball, location: 2F
0-1: Ball
1-1: Ball
2-1: SINGLE (Line Drive, 4MD)
Batting: RHB Roger Tucker 0-0: Called Strike
0-1: Bunted foul
0-2: Ball
1-2: Ball
2-2: Ball
3-2: Base on Balls
Héctor Cruz to second
Batting: RHB Gustavo Todd 0-0: Ball
1-0: Called Strike
1-1: Sac Bunt - play at first, batter OUT! 1-3
Héctor Cruz to third
Roger Tucker to second
Batting: RHB Gonzalo García 0-0: Ball
1-0: Ground out 4-3 (Groundball, 4M)
Batting: RHB Marcus Pittman 0-0: Called Strike
0-1: Swinging Strike
0-2: Strikes out swinging
Bottom of the 7th over - 0 run(s), 1 hit(s), 0 error(s), 2 left on base; Georgia 2 - Providence 5
TOP OF THE 8TH
Georgia Bulldogs batting - Pitching for Providence Friars : RHP Robbie Hopps
Now at C: Daniel Riddle
Batting: RHB Chris Whittier 0-0: Ball
1-0: Hit by Pitch
Batting: RHB Jeff Allen 0-0: Called Strike
0-1: Ball
1-1: Grounds into double play, 6-4-3 (Groundball, 6)
Batting: SHB Nate Harrington 0-0: Ball
1-0: Ball
2-0: Called Strike
2-1: Ball
3-1: Foul Ball, location: 2F
3-2: Base on Balls
Pitching: LHP John Rodríguez
Batting: LHB Merrill Erickson 0-0: Called Strike
0-1: Swinging Strike
0-2: Ball
1-2: Foul Ball, location: 2F
1-2: Strikes out swinging
Top of the 8th over - 0 run(s), 0 hit(s), 0 error(s), 1 left on base; Georgia 2 - Providence 5
BOTTOM OF THE 8TH
Providence Friars batting - Pitching for Georgia Bulldogs : RHP Darryl Ward
Batting: LHB Brian Easdale 0-0: Ball
1-0: Ball
2-0: Ball
3-0: Called Strike
3-1: Ground out U3 (Groundball, 34S)
Batting: SHB Esteban Aliaga 0-0: Ball
1-0: Ground out U3 (Groundball, 3L)
Pitching: RHP Jeff Beatty
Batting: LHB Javier Morales 0-0: SINGLE (Groundball, 4M) (infield hit)
Batting: RHB Miguel Sánchez 0-0: Ground out 4-3 (Groundball, 34)
Bottom of the 8th over - 0 run(s), 1 hit(s), 0 error(s), 1 left on base; Georgia 2 - Providence 5
TOP OF THE 9TH
Georgia Bulldogs batting - Pitching for Providence Friars : LHP John Rodríguez
Pitching: RHP Joe Canó
Batting: RHB Tom Stoltz 0-0: Ball
1-0: Foul Ball, location: 2F
1-1: Called Strike
1-2: Ball
2-2: Foul Ball, location: 2F
2-2: Ball
3-2: Base on Balls
Batting: SHB Jean-François St-Amant 0-0: Called Strike
0-1: Foul Ball, location: 2F
0-2: Foul Ball, location: 2F
0-2: Ball
1-2: Ball
2-2: Foul Ball, location: 2F
2-2: Foul Ball, location: 2F
2-2: Strikes out swinging
Batting: RHB Gerald Miller 0-0: Grounds into double play, 4-6-3 (Groundball, 4)
Top of the 9th over - 0 run(s), 0 hit(s), 0 error(s), 0 left on base; Georgia 2 - Providence 5
Thursday, March 30th, 2017 - OOTP Baseball 17.12 Build 75